 Dungeon Crawl Stone Soup version 0.23.1-42-g8abd8fc (webtiles) character file.

Game seed: 1592345942759620381

29 cklessthan3 the Chiller (level 3, -2/25 (26) HPs)
             Began as a Ghoul Ice Elementalist on Mar 30, 2019.
             Killed from afar by Sigmund (5 damage)
             ... with a puff of flame
             ... on level 2 of the Dungeon.
             The game lasted 00:06:26 (1164 turns).

cklessthan3 the Chiller (Ghoul Ice Elementalist)    Turns: 1164, Time: 00:06:27

HP:   -2/25 (26)    AC:  5    Str: 12    XL:     3   Next: 16%
MP:   4/5           EV: 11    Int: 10    God:
Gold: 60            SH:  0    Dex:  9    Spells: 5/6 levels left

rFire    . . .     SeeInvis .     - Unarmed
rCold    + . .     Gourm    .   (no shield)
rNeg     + + +     Faith    .   d - +1 leather armour {rPois}
rPois    ∞         Spirit   .   h - +0 helmet
rElec    .         Reflect  .   (no cloak)
rCorr    .         Harm     .   (no gloves)
MR       .....                  (no boots)
Stlth    ++........             (no amulet)
HPRegen  0.00/turn              (no ring)
MPRegen  0.09/turn              (no ring)

@: rotting
A: rotting body, claws 1, carnivore, cold resistance 1, negative energy
resistance 3, inhibited regeneration, torment resistance, unbreathing
a: no special abilities


You were on level 2 of the Dungeon.
You were not hungry.

You visited 1 branch of the dungeon, and saw 2 of its levels.

You collected 60 gold pieces.

Inventory:

Missiles
 i - 5 stones (quivered)
Armour
 a - a +0 robe
 d - a +1 leather armour of poison resistance (worn)
 h - a +0 helmet (worn)
Scrolls
 b - a scroll of identify {unknown}
 e - a scroll of fear {unknown}
 f - a scroll of immolation {unknown}
 g - a scroll of teleportation {unknown}
Potions
 j - a potion of brilliance {unknown}
 k - a potion of might {unknown}
 l - a potion of heal wounds {unknown}
Comestibles
 c - 3 rations


   Skills:
 + Level 0.2 Fighting
 + Level 0.1 Armour
 + Level 2.0 Dodging
 + Level 2.2 Stealth
 + Level 1.1 Unarmed Combat
 + Level 2.0 Spellcasting
   Level 0.7 Conjurations
 + Level 3.9 Ice Magic


You had 5 spell levels left.
You knew the following spells:

 Your Spells              Type           Power        Failure   Level  Hunger
a - Freeze                Ice            #...         8%          1    ##.....

Your spell library contained the following spells:

 Spells                   Type           Power        Failure   Level  Hunger
 Throw Frost              Conj/Ice       #.....       22%         2    ###....
 Ozocubu's Armour         Chrm/Ice       #.......     47%         3    ####...
 Throw Icicle             Conj/Ice       #.......     83%         4    #####..
 Summon Ice Beast         Ice/Summ       #.......     87%         4    #####..


Dungeon Overview and Level Annotations

Branches:
Dungeon (2/15)

Altars:

Annotations:
D:2 Natasha, Sigmund


Innate Abilities, Weirdness & Mutations

Your body is rotting away.
You thrive on raw meat.
You are immune to poison.
You have sharp fingernails.
You are carnivorous and can eat meat at any time.
Your flesh is cold resistant. (rC+)
You are immune to negative energy. (rN+++)
You do not regenerate when monsters are visible.
You are immune to unholy pain and torment.
You can survive without breathing.


Message History

You scratch something. Something hits you.
* * * LOW HITPOINT WARNING * * *
You eat one of the 4 rations.
That ration really hit the spot!
Casting: Freeze (safe; 8% risk of failure)
Confirm with . or Enter, or press ? or * to list all spells.
You can't see any susceptible monsters within range! (Use Z to cast anyway.)
Casting: Freeze (safe; 8% risk of failure)
Confirm with . or Enter, or press ? or * to list all spells.
Aiming: Freeze (safe; 8% risk of failure)
Press: ? - help, Shift-Dir - straight line You freeze something.
Something hits you.
* * * LOW HITPOINT WARNING * * *
Something hits you but does no damage.
Natasha mumbles some strange words.
Natasha's front paws start to glow.
Something tries to affect you, but you resist.
Natasha mumbles some strange words.
A puff of flame appears from out of thin air!
The puff of flame hits you.
You die...

#.#
...
#.#
###
#.#
..
#.#
##
#.#
#.#
#.#
#.#
#@#
#.#
#.#
#.#
#.#
#{#
#h#
#5#
.5.


You could see Natasha and a white imp.

Vanquished Creatures
  A giant cockroach (D:1)
  4 goblins
  3 hobgoblins (D:1)
  3 jackals (D:1)
  2 kobolds (D:1)
  3 ball pythons
  4 bats (D:1)
  2 frilled lizards (D:1)
  5 rats (D:1)
27 creatures vanquished.

Notes
Turn   | Place    | Note
-------+----------+-------------------------------------------
     0 | D:1      | cklessthan3 the Ghoul Ice Elementalist began the quest for
                  | the Orb.
     0 | D:1      | Reached XP level 1. HP: 14/14 MP: 2/2
   374 | D:1      | Reached XP level 2. HP: 16/19 MP: 3/3
   686 | D:1      | Reached XP level 3. HP: 26/26 MP: 4/4
   741 | D:1      | Reached skill level 1 in Unarmed Combat
  1143 | D:2      | Noticed Natasha
  1147 | D:2      | Noticed Sigmund
  1164 | D:2      | Killed from afar by Sigmund

Skill      XL: |  1  2  3 |
---------------+----------+-----
Dodging        | 2 |  2.0
Unarmed Combat | 1 |  1.1
Spellcasting   | 2 |  2.0
Fighting       | |  0.2
Armour         | |  0.1
Stealth        | |  2.2
Conjurations   | |  0.7
Ice Magic      | |  3.9

Action                   || total
-------------------------++-------
Melee: Unarmed           ||    86
 Cast: Freeze            ||    16
  Use: Potion            ||     2
  Eat: Chunk             ||    14
       Ration            ||     1
Armor: Leather armour    ||    41
Dodge: Dodged            ||    71
